AoeStats
← CNZS_98T

African Clearing

506440377Analyzed
4v4 RM · 18d ago on Sep 13, 2026· 32m 53s· 8 players
Game mode
Random Map
Map size
Large (8 player)
Population
200
Speed
Normal
Resources
Standard
Victory
Conquest
Starting age
Dark Age
Ending age
Imperial Age
RankedLock teamsTeams togetherTeam positionsShared explorationLock speedFull tech treeHidden civsTurbo modeCheats
Victory
Defeat
🇨🇳 Berbers · China
1946
+10
🇳🇱 Sicilians · Netherlands
1936
+11
🇨🇳 Franks · China
1898
+12
🇮🇳 Burmese · India
1871
+13
🇻🇳 Inca · Vietnam
1895
-14
🇻🇳 Tupi · Vietnam
1882
-14
🇧🇷 Magyars · Brazil
1762
-10
🇨🇱 Hindustanis · Chile
1710
-8
Quàng Thượng
8:27 Loom
12:08 Feudal Age
12:49 Town Watch
16:04 Castle Age
14:17 Double-Bit Axe
18:03 Horse Collar
19:11 Bow Saw
20:10 Wheelbarrow
22:47 Gold Mining
23:30 Heavy Plow
29:12 Imperial Age
26:56 Scale Mail Armor
27:31 Forging
27:05 Champi Runner
27:45 Squires
27:32 Arson
28:28 Chain Mail Armor
29:24 Iron Casting
28:23 Champi Warrior
30:44 Plate Mail Armor
31:51 Blast Furnace
33:23 Padded Archer Armor
[CL] TheCobra
8:46 Loom
11:28 Feudal Age
13:00 Double-Bit Axe
15:34 Horse Collar
20:25 Wheelbarrow
20:52 Forging
25:24 Castle Age
24:24 Bloodlines
25:10 Padded Archer Armor
25:00 Fletching
25:22 Gold Mining
26:03 Bodkin Arrow
26:20 Bow Saw
26:26 Padded Archer Armor
28:48 Ballistics
33:24 Thumb Ring
saymynameBook
10:00 Loom
12:21 Feudal Age
17:29 Castle Age
18:01 Double-Bit Axe
Mr Diniz
10:02 Loom
14:32 Feudal Age
15:52 Town Watch
19:11 Castle Age
21:05 Double-Bit Axe
CNZS_98T
13:49 Feudal Age
12:39 Loom
12:43 Loom
14:33 Double-Bit Axe
17:23 Castle Age
16:09 Fishing Lines
18:43 Bow Saw
20:03 Horse Collar
23:51 Heavy Plow
25:06 Wheelbarrow
24:50 Town Watch
26:01 Gold Mining
26:27 Hand Cart
27:50 Gold Shaft Mining
27:06 Stone Mining
30:59 Imperial Age
28:57 Scale Barding Armor
29:39 Ballistics
29:50 Squires
29:36 Gambesons
29:37 Arson
30:03 Forging
30:15 Chain Barding Armor
30:06 Bloodlines
29:57 Husbandry
30:46 First Crusade
31:36 Iron Casting
31:05 Scale Mail Armor
31:19 Cavalier
32:06 Elite Serjeant
33:07 Conscription
34:17 Blast Furnace
DK2
3:54 Loom
14:23 Feudal Age
21:22 Castle Age
34:45 Imperial Age
_LY_Yo
13:14 Feudal Age
12:10 Loom
14:17 Town Watch
17:01 Castle Age
16:08 Double-Bit Axe
19:38 Bow Saw
23:51 Forging
28:59 Squires
_LY_lyx
12:24 Feudal Age
16:13 Castle Age
14:34 Double-Bit Axe
14:50 Horse Collar
15:04 Town Watch
15:06 Loom
17:42 Bow Saw
20:26 Heavy Plow
23:51 Wheelbarrow
24:05 Gold Mining
24:06 Stone Mining
25:48 Hand Cart
29:06 Fletching
30:55 Bodkin Arrow
Connection lost

Rejoining the realm…

Still unreachable

The connection could not be restored.

Session expired

The server has moved on; the page needs a fresh start.